Map: Simulacrum LE

Players

LiquidMaNa (MaNa)

  • Race: Protoss Protoss
  • League: Grandmaster
  • Spawn Location: 5:00

Vanya - Winner!

  • Race: Zerg Zerg
  • League: Master
  • Spawn Location: 11:00

VOD

Have the link to the VOD?

Description

Time

  • Played on: Jan. 13, 2020, 2:32 p.m.
  • Length: 10:16
Show
View Real Time Build Order
Export as new Build Order

LiquidMaNa Protoss 

Build Orders: 1 Gate Expand, Oracle Opening, Phoenix Opening, Archon Immortal, Archon Drop 

Get SALT Encoding   

  12  0:00  Probe  
  13  0:16  Pylon  
  13  0:17  Probe (Chrono Boost)  
  14  0:26  Probe (Chrono Boost)  
  15  0:32  Probe  
  16  0:41  Gateway  
  16  0:44  Probe  
  17  0:52  Assimilator  
  17  0:56  Probe (Chrono Boost)  
  18  1:08  Probe (Chrono Boost)  
  19  1:15  Probe (Chrono Boost)  
  20  1:25  Nexus  
  20  1:35  Cybernetics Core  
  20  1:39  Probe  
  21  1:45  Assimilator  
  21  1:51  Probe  
  22  1:57  Pylon  
  22  2:03  Probe  
  23  2:12  Adept (Chrono Boost)  
  23  2:14  Warp Gate  
  23  2:15  Probe  
  26  2:27  Probe, Stargate  
  26  2:35  Adept  
  28  2:37  Probe  
  28  2:39  Probe  
  30  2:49  Probe  
  31  2:51  Probe  
  32  3:01  Probe  
  32  3:04  Probe  
  34  3:06  Gateway  
  34  3:10  Phoenix (Chrono Boost)  
  36  3:13  Probe  
  36  3:16  Probe  
  38  3:25  Probe  
  38  3:26  Assimilator  
  37  3:28  Probe  
  37  3:29  Assimilator, Oracle  
  41  3:37  Probe  
  41  3:40  Probe  
  43  3:41  Twilight Council  
  43  3:48  Pylon  
  43  3:50  Probe (Chrono Boost)  
  43  3:52  Probe (Chrono Boost)  
  45  3:59  Robotics Facility  
  45  4:01  Probe (Chrono Boost)  
  46  4:06  Probe (Chrono Boost)  
  46  4:07  Probe (Chrono Boost)  
  48  4:13  Probe  
  48  4:16  Probe  
  50  4:20  Dark Shrine  
  50  4:25  Probe, Gateway  
  50  4:28  Probe, Gateway  
  53  4:43  Pylon, Warp Prism (Chrono Boost)  
  53  4:44  Pylon  
  54  5:02  Adept x2  
  54  5:03  Nexus  
  58  5:12  Pylon  
  58  5:27  Probe  
  59  5:29  Immortal (Chrono Boost)  
  59  5:35  Dark Templar x4  
  70  5:41  Shield Battery  
  70  5:45  Probe  
  71  5:50  Probe  
  70  5:57  Probe  
  70  6:02  Probe  
  71  6:07  Sentry x2  
  71  6:08  Templar Archives  
  75  6:15  Pylon, Immortal (Chrono Boost)  
  75  6:17  Dark Templar  
  75  6:18  Probe x2  
  83  6:22  Archon x2  
  83  6:26  Probe  
  83  6:29  Gateway  
  83  6:30  Probe x2  
  86  6:34  Gateway  
  86  6:38  Dark Templar  
  86  6:39  Dark Templar  
  90  6:40  Zealot  
  90  6:41  Observer (Chrono Boost)  
  90  6:42  Probe  
  90  6:46  Archon  
  94  6:47  Probe x2  
  96  6:56  Phoenix  
  96  7:09  Immortal  
  96  7:11  Pylon  
  96  7:13  Pylon  
  96  7:14  Shield Battery  
  100  7:16  Pylon  
  100  7:22  Assimilator, Psionic Storm  
  100  7:24  Probe  
  100  7:25  Shield Battery  
  100  7:27  Assimilator, Shield Battery  
  100  7:29  Probe  
  102  7:30  Shield Battery  
  102  7:35  Phoenix  
  104  7:40  Probe x2  
  106  7:53  Dark Templar x2  
  106  7:58  Zealot x4  
  118  8:06  Immortal (Chrono Boost)  
  118  8:08  Pylon  
  118  8:10  Pylon  
  118  8:12  Pylon  
  120  8:23  Zealot x3  
  97  8:37  Zealot x3  
  97  8:38  Immortal  
  107  8:45  High Templar x3  
  111  9:00  Zealot x3  
  89  9:17  Zealot x3  
  89  9:18  Immortal (Chrono Boost)  
  99  9:27  Zealot x3  
  95  9:45  High Templar x3  
  87  9:47  High Templar x2  
  87  9:50  Archon  
  87  9:51  Archon  
Show
View Real Time Build Order
Export as new Build Order

Vanya Zerg - Winner!

Build Orders: Hatch First, Swarm Host 

Get SALT Encoding   

  12  0:01  Drone  
  13  0:12  Overlord  
  13  0:16  Drone  
  14  0:31  Drone  
  15  0:44  Hatchery  
  15  0:48  Drone  
  15  0:52  Drone  
  15  0:55  Drone  
  17  1:02  Drone  
  18  1:11  Extractor  
  18  1:18  Spawning Pool  
  16  1:19  Drone  
  16  1:23  Drone  
  18  1:31  Drone  
  19  1:43  Drone  
  20  1:53  Overlord  
  20  1:59  Drone  
  21  2:05  Zergling x2, Queen x2  
  21  2:07  Zergling x2  
  27  2:15  Drone, Metabolic Boost  
  28  2:18  Drone  
  29  2:25  Drone  
  30  2:37  Hatchery  
  30  2:39  Drone  
  30  2:46  Queen  
  30  2:50  Overlord  
  32  2:53  Drone  
  32  2:55  Drone  
  34  2:58  Drone  
  34  3:01  Drone  
  37  3:12  Drone  
  37  3:13  Drone  
  37  3:14  Drone x4  
  42  3:21  Overlord  
  42  3:24  Queen  
  44  3:29  Overlord  
  44  3:33  Spore Crawler  
  44  3:34  Drone  
  44  3:39  Overlord  
  44  3:41  Drone x2  
  44  3:48  Spore Crawler  
  45  3:50  Spore Crawler, Drone x2  
  45  3:51  Drone  
  45  3:53  Drone  
  45  3:55  Drone  
  49  3:57  Drone  
  49  4:02  Queen  
  50  4:04  Drone x2  
  50  4:07  Drone  
  50  4:09  Drone  
  56  4:16  Overlord  
  56  4:19  Drone x2  
  58  4:26  Lair  
  58  4:33  Overlord  
  58  4:34  Zergling x14  
  65  4:41  Roach Warren  
  64  4:46  Extractor  
  64  4:47  Extractor, Overlord  
  64  4:49  Drone x3  
  65  4:54  Overlord  
  65  4:56  Drone x4  
  69  5:01  Drone x4  
  69  5:05  Extractor, Drone x2  
  74  5:08  Overlord  
  72  5:23  Roach  
  72  5:24  Roach x5  
  72  5:25  Extractor  
  72  5:26  Extractor  
  78  5:28  Glial Reconstitution  
  78  5:31  Drone x3  
  78  5:32  Drone x3  
  84  5:37  Overlord  
  84  5:39  Overseer  
  84  5:49  Drone x4  
  88  5:51  Overseer  
  88  5:53  Evolution Chamber  
  88  5:57  Overseer  
  86  6:00  Roach x2  
  86  6:01  Roach x5  
  98  6:12  Infestation Pit  
  98  6:14  Drone x5  
  98  6:15  Overlord  
  101  6:27  Zerg Missile Weapons Level 1  
  101  6:33  Overlord  
  101  6:36  Roach x7  
  101  6:37  Overlord  
  115  6:43  Overlord  
  114  6:58  Queen  
  114  7:02  Swarm Host  
  114  7:03  Swarm Host x6  
  114  7:07  Drone x4  
  129  7:12  Swarm Host x3  
  138  7:23  Swarm Host x2  
  138  7:25  Zergling x2, Overlord  
  145  7:30  Overlord  
  145  7:33  Overlord  
  145  7:37  Overlord  
  145  7:42  Overlord  
  147  7:44  Roach x3  
  147  7:46  Ravager x2  
  147  7:49  Overlord  
  147  7:51  Zergling x16  
  161  7:56  Zergling x8  
  161  7:57  Ravager x3  
  168  8:03  Zergling x4, Ravager x2  
  172  8:06  Zergling x2  
  172  8:12  Zergling x4  
  175  8:16  Zergling x2  
  175  8:24  Roach x4  
  174  8:28  Roach  
  174  8:33  Roach x3  
  177  8:35  Roach x2  
  177  8:36  Overseer  
  174  8:46  Roach x4  
  159  9:01  Roach x3  
  160  9:07  Roach x3  
  163  9:17  Roach  
  163  9:21  Roach x2  
  163  9:23  Ravager x6  
  173  9:31  Zergling x6  
  159  9:38  Zergling x8  
  159  9:42  Zergling x2  
  159  9:43  Zergling x2  
  159  9:54  Roach x3  
Tags
 
Add a new tag
Caveats
  • Supply blocks, unpowered buildings, or Contaminate may cause inaccurate times.
  • Supply counts are checked every 10 seconds.